 Dungeon Crawl Stone Soup version 0.19.4-9-g45fd643 (webtiles) character file.

179174 juanjsm the Unseen (level 17, -4/89 HPs)
             Began as a Spriggan Enchanter on Feb 8, 2017.
             Was the Champion of Okawaru.
             Blown up by an orb spider (56 damage)
             ... with an orb of destruction
             ... on level 3 of the Spider Nest on Feb 19, 2017.
             The game lasted 05:40:07 (36488 turns).

juanjsm the Unseen (Spriggan Enchanter)            Turns: 36488, Time: 05:40:08

Health: -4/89      AC:  6    Str:  4    XL:     17   Next: 29%
Magic:  31/36      EV: 37    Int: 33    God:    Okawaru [******]
Gold:   2338       SH: 12    Dex: 19    Spells: 9 memorised, 20 levels left

rFire  . . .     SeeInvis +     O - +4 dagger of Nuubomna {drain, Int+3}
rCold  . . .     Gourm    .     P - +2 robe of the Farrier {*Drain MR- Regen+ Int+8}
rNeg   . . .     Faith    .     c - +0 buckler of the Sun {rElec rPois rF- Int-3}
rPois  +         Spirit   .     U - +0 hat "Izaele" {+Fly rElec rPois MR+}
rElec  +         Reflect  .     y - +0 cloak {rPois}
rCorr  .         Harm     .     (gloves unavailable)
MR     ++...                    (boots unavailable)
Stlth  +++++++...               s - amulet of regeneration
                                V - ring "Woofoir" {rF+ Int+6}
                                M - +3 ring of evasion

@: flying, very quick
A: unfitting armour, claws 1, large bone plates 1, slimy green scales 1, see
invisible, deformed body, deterioration 1, dopey 1, herbivore 3, speed 3,
screaming 1, electricity resistance, slow metabolism 2, evolution 1
a: Heroism, Finesse, Renounce Religion, Stop Flying
}: 1/15 runes: decaying


You were on level 3 of the Spider Nest.
You worshipped Okawaru.
Okawaru was exalted by your worship.
You were full.

You visited 6 branches of the dungeon, and saw 32 of its levels.

You collected 2885 gold pieces.
You spent 547 gold pieces at shops.

Inventory:

Hand Weapons
 a - a +0 lajatang of electrocution
 O - the +4 dagger of Nuubomna (weapon) {drain, Int+3}
   (Okawaru gifted it to you on level 1 of the Lair of Beasts)

   A truly terrible weapon, it drains the life of those it strikes.
   It affects your intelligence (+3).
Missiles
 F - 4 throwing nets (quivered)
Armour
 b - the +2 cloak of Nahux {MP+9 Str+7 Int-2}
   (Okawaru gifted it to you on level 2 of the Spider Nest)

   It affects your strength (+7).
   It affects your intelligence (-2).
   It affects your magic capacity (+9).
 c - the +0 buckler of the Sun (worn) {rElec rPois rF- Int-3}
   (Okawaru gifted it to you on level 2 of the Lair of Beasts)

   It affects your intelligence (-3).
   It makes you vulnerable to fire.
   It insulates you from electricity.
   It protects you from poison.
 y - a +0 cloak of poison resistance (worn)
 P - the +2 robe of the Farrier (worn) {*Drain MR- Regen+ Int+8}
   (You bought it in a shop on level 13 of the Dungeon)

   It affects your intelligence (+8).
   It affects your resistance to hostile enchantments.
   It increases your rate of regeneration.
   It causes draining when unequipped.
 U - the +0 hat "Izaele" (worn) {+Fly rElec rPois MR+}
   (Okawaru gifted it to you on level 6 of the Lair of Beasts)

   It insulates you from electricity.
   It protects you from poison.
   It affects your resistance to hostile enchantments.
   It lets you fly.
Jewellery
 s - an amulet of regeneration (around neck)
 M - a +3 ring of evasion (left claw)
 V - the ring "Woofoir" (right claw) {rF+ Int+6}
   (You found it on level 6 of the Lair of Beasts)

   [ring of protection from fire]

   It affects your intelligence (+6).
   It protects you from fire.
 W - an uncursed amulet of magic regeneration
Wands
 f - a wand of polymorph (11/24)
 w - a wand of heal wounds (8/9)
Scrolls
 h - 7 scrolls of identify
 l - 7 scrolls of magic mapping
 m - 4 scrolls of fear
 n - 2 scrolls of remove curse
 r - 6 scrolls of blinking
 u - a scroll of teleportation
 J - 6 scrolls of fog
 Q - a scroll of torment
Potions
 e - 4 potions of heal wounds
 g - 11 potions of curing
 i - 7 potions of lignification
 j - a potion of haste
 k - a potion of invisibility
 v - 5 potions of brilliance
 A - 9 potions of might
 C - 3 potions of cancellation
 E - 2 potions of berserk rage
Miscellaneous
 L - a fan of gales
 Z - a phial of floods
Comestibles
 d - 26 bread rations


   Skills:
 - Level 10.0 Fighting
 - Level 10.1 Short Blades
 + Level 16.9 Dodging
 + Level 17.7 Stealth
 - Level 7.2 Shields
 + Level 14.4 Spellcasting
 * Level 7.6 Conjurations
 - Level 11.0 Hexes
 - Level 9.2 Invocations
 + Level 8.4 Evocations


You had 20 spell levels left.
You knew the following spells:

 Your Spells              Type           Power        Failure   Level  Hunger
a - Corona                Hex            #######      1%          1    None
b - Ensorcelled Hibernat  Hex/Ice        ######       1%          2    None
c - Confuse               Hex            #######.     1%          3    None
d - Dazzling Spray        Conj/Hex       ######       1%          3    None
e - Repel Missiles        Chrm/Air       ###...       2%          2    None
f - Regeneration          Chrm/Necr      ###.......   6%          3    None
g - Passwall              Tmut/Erth      ###.......   2%          2    None
h - Iskenderun's Mystic   Conj           ######..     1%          4    None
i - Petrify               Tmut/Erth      ###.....     21%         4    None


Dungeon Overview and Level Annotations

Branches:
Dungeon (15/15)            Temple (1/1) D:4            Lair (6/6) D:10
  Swamp (4/4) Lair:2       Spider (4/4) Lair:3        Slime (0/5) Lair:6
    Orc (2/2) D:12            Elf (0/3) Orc:2        Vaults (0/5) D:13
 Depths: D:15

Altars:
Ashenzari
Cheibriados
Dithmenos
Elyvilon
Fedhas
Gozag
Hepliaklqana
Kikubaaqudgha
Makhleb
Nemelex Xobeh
Okawaru
Qazlal
Ru
Sif Muna
Trog
Uskayaw
Vehumet
Xom
Yredelemnul
Zin
The Shining One
Beogh
Jiyva

Shops:
D:4 (   D:6 *   D:7 (   D:10 ?   D:11 (   D:13 [   Orc:1 %   Orc:2 }}[*

Annotations:
D:12 Josephine
D:15 exclusion: Roxanne, Roxanne
Lair:4 exclusion: 4 oklob plants
Spider:3 Bai Suzhen, Jorgrun
Spider:4 Nikola


Innate Abilities, Weirdness & Mutations

You are very small and have problems with some larger weapons.
You are too small for most types of armour.
You have supernaturally acute eyesight. (SInv)
You are a herbivore.
You cover ground extremely quickly.
You need consume almost no food.
You have sharp fingernails.
You are partially covered in large bone plates. (SH +4)
You are partially covered in slimy green scales. (AC +2)
Armour fits poorly on your strangely shaped body.
Your body sometimes deteriorates upon taking damage.
You are dopey. (Int -2)
You occasionally shout uncontrollably at your foes.
You are resistant to electric shocks. (rElec)
You evolve.


Message History

The orb spider begins to weave its threads into a brightly glowing ball.
The jumping spider leaps!
The wolf spider hits you. You block the wolf spider's attack.
The jumping spider leaps!
The jumping spider leaps!
Jorgrun casts a spell at you. You resist with almost no effort.
The jumping spider leaps!
The orb spider weaves a glowing orb of energy.
Jorgrun gestures at the rock wall while chanting.
Some rock shatters into small pieces.
An orb of destruction comes into view.
You completely miss the jumping spider.
The jumping spider completely misses you. x4
The jumping spider completely misses you. x2
You block the jumping spider's attack.
The jumping spider completely misses you.
The orb of destruction hits you!
Ouch! That really hurt!
You die...

...#####..≈≈# .....^^>..≈# .....
≈##^.#.. ......†...##
.......#.....^..^...^#......##
....)............. #.....##
.#............... ####≈#....##
.#..............###....#....≈#
.≈≈#...##.......s.s...s###≈≈##
###......#..#...ss.....^..≈####
.≈≈#......≈.#...@§§s......#.^^##
^#........≈........#...........#
##.......##≈.^.....#^†.^.§.....#
#.........###..≈...#..........##
#......^..#.#.g.####.........##
.........#......^##..........#
.........g..†....##......#..^#
...#^...........#####.<..#####
...#≈#...†.......## ##...#


You could see Jorgrun, a wolf spider, an orb spider, 2 jumping spiders and 2
redbacks.

Vanquished Creatures
  Saint Roka (Orc:2)
  Rupert (Lair:6)
  Kirke (D:14)
  Gastronok (Lair:1)
  A sphinx (D:13)
  Agnes (Spider:1)
  A thorn hunter (Swamp:4)
  An emperor scorpion (Spider:1)
  2 orc warlords
  A spark wasp (Spider:3)
  Snorg (Lair:5)
  A yaktaur captain (D:13)
  21 hydras
  3 catoblepae (Lair:6)
  13 alligators
  5 centaur warriors
  A tengu warrior (D:12)
  5 death yaks
  An orc high priest (Orc:1)
  Sonja (Lair:3)
  Nergalle (D:12)
  An unseen horror (D:14)
  A spriggan druid (Swamp:3)
  The ghost of equalderp2856 the Gouger, a novice FeFi (D:12)
  14 swamp dragons
  6 lindwurms
  3 hill giants
  3 shambling mangroves
  An orc knight (Orc:2)
  6 orb spiders
  14 wolf spiders
  7 orc sorcerers
  10 ugly things
  4 deep elf magi
  An oklob plant (Lair:5)
  A manticore (D:13)
  A cyclops (D:12)
  Maurice (D:13)
  11 elephants
  A water nymph (Spider:2)
  A black mamba (shapeshifter) (D:13)
  A torpor snail (Lair:6)
  9 black mambas
  16 spiny frogs
  A gargoyle (D:13)
  4 centaur skeletons
  4 rime drakes
  7 komodo dragons
  2 ice devils (Orc:2)
  3 demonic crawlers
  A tengu conjurer (D:12)
  2 queen bees
  17 jumping spiders
  6 tyrant leeches
  4 trolls
  3 polar bears
  4 two-headed ogres
  16 slime creatures
  5 meliai
  11 hornets
  14 blink frogs
  5 bog bodies
  2 dream sheep (Lair:6)
  46 redbacks
  13 hippogriffs
  3 spriggans
  20 tarantellas
  4 wyverns
  A wraith (D:12)
  50 yaks
  4 shadows
  Eustachio (D:6)
  2 hogs (D:14)
  6 basilisks
  25 vampire mosquitoes
  2 steam dragons
  4 hungry ghosts
  A mottled dragon (D:13)
  3 wargs
  19 swamp worms
  3 insubstantial wisps (Swamp:4)
  9 water moccasins
  Duvessa (D:4)
  4 porcupines
  31 orc warriors
  4 ice beasts
  4 sky beasts
  11 swamp drakes
  An eye of draining (D:11)
  A hornet zombie (D:9)
  19 wolves
  5 black bears
  3 phantoms
  5 ogres
  18 centaurs
  18 crocodiles
  A big kobold (D:11)
  19 bullfrogs
  2 gnoll sergeants
  2 wyvern zombies (D:11)
  3 troll zombies (D:12)
  6 scorpions
  Dowan (D:4)
  44 killer bees
  4 howler monkeys
  2 electric eels
  2 centaur zombies
  7 crimson imps
  3 bullfrog zombies
  5 hounds
  A quasit (D:12)
  8 jellies
  27 orc priests
  4 bullfrog skeletons
  7 iguanas
  45 orc wizards
  7 worker ants
  3 ogre zombies (D:12)
  Robin (D:3)
  A howler monkey zombie (D:6)
  11 gnolls
  10 adders
  A river rat (Lair:4)
  4 shadow imps
  5 oozes
  An adder skeleton (D:8)
  A worm (D:5)
  4 dart slugs
  2 leopard geckos
  74 orcs
  8 giant cockroaches
  10 goblins
  13 hobgoblins
  9 jackals
  A jackal (shapeshifter) (D:13)
  9 kobolds
  5 quokkas
  2 ball pythons
  7 bats
  3 frilled lizards
  A goblin zombie (D:12)
  2 hobgoblin skeletons (D:12)
  3 hobgoblin zombies (D:12)
  A jackal zombie (D:6)
  A leopard gecko skeleton (D:4)
  3 orc skeletons (D:12)
  10 orc zombies (D:12)
  4 rats
1040 creatures vanquished.

Vanquished Creatures (collateral kills)
  A hornet (Swamp:4)
1 creature vanquished.

Vanquished Creatures (others)
  An alligator (Swamp:1)
  A wraith (D:13)
  A spriggan (Swamp:4)
  A swamp drake (Swamp:4)
  2 centaurs
  An electric eel (Spider:3)
  5 briar patches (Swamp:4)
  6 fungi
  23 plants
41 creatures vanquished.

Grand Total: 1082 creatures vanquished

Notes
Turn   | Place    | Note
-------+----------+-------------------------------------------
     0 | D:1      | juanjsm the Spriggan Enchanter began the quest for the Orb.
     0 | D:1      | Reached XP level 1. HP: 9/9 MP: 5/5
   554 | D:1      | Reached XP level 2. HP: 12/13 MP: 6/6
   558 | D:1      | Learned a level 2 spell: Ensorcelled Hibernation
  1329 | D:2      | Reached XP level 3. HP: 17/17 MP: 0/8
  1334 | D:2      | Learned a level 3 spell: Confuse
  1535 | D:2      | Found a snail-covered altar of Cheibriados.
  1660 | D:2      | Reached skill level 1 in Fighting
  1989 | D:3      | Reached XP level 4. HP: 19/22 MP: 5/9
  2013 | D:3      | Learned a level 3 spell: Dazzling Spray
  2222 | D:3      | Reached skill level 5 in Stealth
  2227 | D:3      | Reached XP level 5. HP: 25/25 MP: 1/11
  2414 | D:3      | Found an opulent altar of Gozag.
  2670 | D:3      | Noticed Robin
  2889 | D:3      | Killed Robin
  2945 | D:4      | Found Beodgh's Weapon Shoppe.
  2964 | D:4      | Noticed Duvessa
  3061 | D:4      | Found a staircase to the Ecumenical Temple.
  3069 | Temple   | Entered the Ecumenical Temple
  3188 | Temple   | Became a worshipper of Warmaster Okawaru
  3224 | D:4      | Noticed Dowan
  3240 | D:4      | Killed Dowan
  3240 | D:4      | Reached XP level 6. HP: 30/30 MP: 3/13
  3404 | D:4      | Found a hide-covered altar of Uskayaw.
  3404 | D:4      | Noticed a hand axe
  3404 | D:4      | Noticed a dagger
  3550 | D:4      | Reached skill level 6 in Stealth
  3568 | D:4      | Found a glowing golden altar of the Shining One.
  3675 | D:4      | Killed Duvessa
  3675 | D:4      | Reached skill level 5 in Dodging
  3906 | D:4      | Found a basalt altar of Yredelemnul.
  3943 | D:5      | Entered Level 5 of the Dungeon
  3947 | D:5      | Reached skill level 5 in Hexes
  3947 | D:5      | Reached XP level 7. HP: 35/35 MP: 14/14
  3969 | D:5      | Reached * piety under Okawaru
  4071 | D:5      | Found a hazy altar of Hepliaklqana.
  4105 | D:5      | Found a burning altar of Makhleb.
  4863 | D:6      | Found a shattered altar of Ashenzari.
  4873 | D:6      | Noticed a gargoyle
  4892 | D:6      | Found Yzxoah's General Store.
  5082 | D:4      | Reached skill level 7 in Stealth
  5082 | D:4      | Reached skill level 5 in Spellcasting
  5317 | D:6      | Found a blossoming altar of Fedhas.
  5397 | D:6      | Found a hazy altar of Hepliaklqana.
  5486 | D:6      | Reached XP level 8. HP: 39/39 MP: 9/16
  5777 | D:6      | Noticed Eustachio
  5792 | D:6      | Killed Eustachio
  5792 | D:6      | Reached ** piety under Okawaru
  6005 | D:7      | Found Fedam's Weapon Boutique.
  6859 | D:7      | Reached skill level 5 in Short Blades
  6917 | D:8      | Reached skill level 8 in Stealth
  7219 | D:8      | Reached *** piety under Okawaru
  7219 | D:8      | Reached XP level 9. HP: 45/45 MP: 2/19
  7256 | D:8      | Found a sparkling altar of Nemelex Xobeh.
  7260 | D:8      | Reached skill level 1 in Shields
  7290 | D:8      | Found a deep blue altar of Sif Muna.
  7667 | D:9      | Reached skill level 9 in Stealth
  7677 | D:9      | Reached **** piety under Okawaru
  7845 | D:9      | Found a white marble altar of Elyvilon.
  8090 | D:9      | Reached XP level 10. HP: 22/51 MP: 11/22
  8123 | D:9      | Found a shimmering altar of Xom.
  8128 | D:9      | Found a stormy altar of Qazlal.
  8291 | D:9      | Reached skill level 10 in Stealth
  8393 | D:10     | Entered Level 10 of the Dungeon
  8482 | D:10     | Found a staircase to the Lair.
  8485 | D:10     | Noticed a hill giant
  8492 | D:10     | Killed a hill giant
  8492 | D:10     | Reached ***** piety under Okawaru
  8942 | D:10     | Found Judy's Magic Scroll Emporium.
  8945 | D:10     | Bought a scroll of fog for 34 gold pieces
  8945 | D:10     | Bought a scroll of teleportation for 51 gold pieces
  9308 | D:10     | Found a burning altar of Makhleb.
  9459 | Lair:1   | Entered Level 1 of the Lair of Beasts
  9545 | Lair:1   | Reached skill level 5 in Fighting
  9584 | Lair:1   | Noticed Gastronok
  9615 | Lair:1   | Noticed a spiny frog
  9621 | Lair:1   | Killed a spiny frog
  9702 | Lair:1   | Noticed a spiny frog
  9718 | Lair:1   | Killed a spiny frog
  9874 | Lair:1   | Killed Gastronok
  9874 | Lair:1   | Received a gift from Okawaru
  9874 | Lair:1   | Reached skill level 11 in Stealth
  9874 | Lair:1   | Reached XP level 11. HP: 56/56 MP: 17/24
  9875 | Lair:1   | Got a faintly glowing dagger {god gift}
  9883 | Lair:1   | Identified the +4 dagger of Nuubomna {drain, Int+3} (Okawaru gifted it to you on level 1 of the Lair of Beasts)
 10136 | Lair:1   | Reached skill level 10 in Dodging
 10187 | Lair:1   | Reached ****** piety under Okawaru
 10590 | Lair:2   | Found a white marble altar of Elyvilon.
 10860 | Lair:2   | Found a staircase to the Swamp.
 10900 | Lair:2   | Noticed a five-headed hydra
 10917 | Lair:2   | Received a gift from Okawaru
 10921 | Lair:2   | Killed a five-headed hydra
 10925 | Lair:2   | Got a crude buckler {god gift}
 11126 | Lair:2   | Reached skill level 12 in Stealth
 11510 | Lair:2   | Identified the +0 buckler of the Sun {rElec rPois rF- Int-3} (Okawaru gifted it to you on level 2 of the Lair of Beasts)
 11540 | Lair:2   | Gained mutation: Your spells are a little easier to cast, but a little less powerful. [potion of mutation]
 11540 | Lair:2   | Gained mutation: You are partially covered in slimy green scales. (AC +2) [potion of mutation]
 11541 | Lair:2   | Gained mutation: You occasionally shout uncontrollably at your foes. [potion of mutation]
 11541 | Lair:2   | Gained mutation: You are dopey. (Int -2) [potion of mutation]
 11730 | Lair:3   | Noticed Sonja
 11741 | Lair:3   | Killed Sonja
 11766 | Lair:3   | Reached skill level 10 in Spellcasting
 11766 | Lair:3   | Reached XP level 12. HP: 61/61 MP: 23/27
 11843 | Lair:3   | Reached skill level 1 in Invocations
 12095 | Lair:3   | Noticed a six-headed hydra
 12104 | Lair:3   | Killed a six-headed hydra
 12104 | Lair:3   | Reached skill level 10 in Hexes
 12280 | Lair:3   | Received a gift from Okawaru
 12534 | Lair:3   | Found a hole to the Spider Nest.
 13298 | Lair:4   | Reached skill level 13 in Stealth
 13555 | Lair:4   | Reached skill level 5 in Shields
 14109 | Lair:4   | Reached XP level 13. HP: 52/66 MP: 9/28
 14500 | Lair:4   | Received a gift from Okawaru
 15517 | Lair:5   | Noticed Snorg
 15549 | Lair:5   | Killed Snorg
 15821 | Lair:5   | Received a gift from Okawaru
 16468 | Lair:6   | Entered Level 6 of the Lair of Beasts
 16609 | Lair:5   | Reached skill level 10 in Short Blades
 16668 | Lair:6   | Reached skill level 5 in Invocations
 16968 | Lair:6   | Noticed Rupert
 17110 | Lair:6   | Killed Rupert
 17110 | Lair:6   | Reached skill level 14 in Stealth
 17167 | Lair:6   | Received a gift from Okawaru
 17168 | Lair:6   | Got a slimy hat {god gift}
 17179 | Lair:6   | Identified the +0 hat "Izaele" {+Fly rElec rPois MR+} (Okawaru gifted it to you on level 6 of the Lair of Beasts)
 17629 | Lair:6   | Found a runed door.
 17629 | Lair:6   | Found a viscous altar of Jiyva.
 17629 | Lair:6   | Found a staircase to the Slime Pits.
 18063 | Lair:5   | Reached XP level 14. HP: 42/72 MP: 0/30
 18827 | Lair:6   | Got a shimmering marble ring
 19730 | Lair:3   | Got a dazzling arbalest
 19806 | Lair:2   | Identified the +6 arbalest "Coexeret" {velocity, -Tele rN++} (You found it on level 3 of the Lair of Beasts)
 19935 | Lair:2   | Identified the ring "Woofoir" {rF+ Int+6} (You found it on level 6 of the Lair of Beasts)
 20346 | D:11     | Found Idufaadd's Weapon Shop.
 20841 | D:11     | Reached skill level 1 in Conjurations
 21137 | D:12     | Noticed equalderp2856's ghost (novice FeFi)
 21139 | D:12     | Noticed Nergalle
 21163 | D:12     | Killed Nergalle
 21318 | D:12     | Found a shimmering altar of Xom.
 21444 | D:12     | Killed equalderp2856's ghost
 21476 | D:12     | Noticed Josephine
 21646 | D:12     | Found a staircase to the Orcish Mines.
 21786 | D:12     | Received a gift from Okawaru
 21787 | D:12     | Got a steaming buckler {god gift}
 21793 | D:12     | Identified the +0 buckler of the Saviour {Int+7} (Okawaru gifted it to you on level 12 of the Dungeon)
 22316 | D:13     | Noticed Maurice
 22344 | D:13     | Killed Maurice
 22375 | D:13     | Noticed a sphinx
 22379 | D:13     | Killed a sphinx
 22379 | D:13     | Reached skill level 15 in Stealth
 22658 | D:13     | Found a gate to the Vaults.
 22683 | D:13     | Learned a level 2 spell: Repel Missiles
 22704 | D:13     | Found Mesi's Antique Armour Shop.
 22708 | D:13     | Bought a thick robe for 136 gold pieces
 22718 | D:13     | Identified the +2 robe of the Farrier {*Drain MR- Regen+ Int+8} (You bought it in a shop on level 13 of the Dungeon)
 23551 | D:14     | Noticed Kirke
 23554 | D:14     | Killed Kirke
 23799 | D:14     | Reached XP level 15. HP: 46/78 MP: 7/32
 23951 | D:14     | Received a gift from Okawaru
 24176 | D:15     | Entered Level 15 of the Dungeon
 24261 | D:15     | Noticed Roxanne
 24678 | Lair:2   | Learned a level 3 spell: Regeneration
 24678 | Lair:2   | Upgraded the game from 0.19.4-8-ga85b6b9 to 0.19.4-9-g45fd643
 24694 | Lair:2   | Learned a level 2 spell: Passwall
 24850 | Orc:1    | Entered Level 1 of the Orcish Mines
 24907 | Orc:2    | Entered Level 2 of the Orcish Mines
 24974 | Orc:2    | Found a roughly hewn altar of Beogh.
 25174 | Orc:2    | Found a staircase to the Elven Halls.
 25434 | Orc:1    | Found a roughly hewn altar of Beogh.
 25739 | Orc:2    | Reached skill level 1 in Evocations
 25763 | Orc:2    | Noticed Saint Roka
 25778 | Orc:1    | Found Oppue's Food Shoppe.
 25831 | Orc:1    | Bought a slice of pizza for 18 gold pieces
 25831 | Orc:1    | Bought a bread ration for 60 gold pieces
 25831 | Orc:1    | Bought 4 fruits for 72 gold pieces
 25831 | Orc:1    | Bought a bread ration for 60 gold pieces
 25831 | Orc:1    | Bought a bread ration for 60 gold pieces
 25902 | Orc:1    | Noticed an orc warlord
 26295 | Orc:2    | Found Camucob's Gadget Shoppe.
 26295 | Orc:2    | Found Heddotal's Assorted Antiques.
 26298 | Orc:2    | Found Baozos's Gadget Shoppe.
 26298 | Orc:2    | Found Bomuk's Antique Armour Emporium.
 26338 | Orc:2    | Received a gift from Okawaru
 26339 | Orc:2    | Got an ichor-stained robe {god gift}
 26352 | Orc:2    | Identified the +2 robe "Doiritem" {rPois MR+ MP-9} (Okawaru gifted it to you on level 2 of the Orcish Mines)
 26411 | Orc:2    | Noticed an orc warlord
 26986 | Orc:2    | Killed an orc warlord
 26986 | Orc:2    | Reached skill level 15 in Dodging
 27178 | Orc:2    | Killed Saint Roka
 27277 | Orc:2    | Bought a scroll labeled KENGO QYCHUCK for 28 gold pieces
 27277 | Orc:2    | Bought a scroll labeled ULUXUEDEIR for 28 gold pieces
 27360 | Orc:1    | Killed an orc warlord
 27828 | D:8      | Identified Sif Muna's Catalogue of Bewitchment
 28056 | Swamp:1  | Entered Level 1 of the Swamp
 28104 | Swamp:1  | Reached skill level 16 in Stealth
 28537 | Swamp:1  | Received a gift from Okawaru
 29154 | Lair:2   | Learned a level 4 spell: Iskenderun's Mystic Blast
 29280 | Lair:2   | Reached skill level 5 in Conjurations
 29528 | Swamp:2  | Received a gift from Okawaru
 29612 | Swamp:2  | Reached skill level 5 in Evocations
 29709 | Swamp:2  | Reached XP level 16. HP: 84/84 MP: 9/34
 29838 | Swamp:2  | Received a gift from Okawaru
 31025 | Swamp:4  | Entered Level 4 of the Swamp
 31074 | Swamp:4  | Noticed a thorn hunter
 31622 | Swamp:4  | Noticed a thorn hunter
 32112 | Swamp:4  | Received a gift from Okawaru
 32113 | Swamp:4  | Got a shimmering fustibalus {god gift}
 32114 | Swamp:4  | Identified the +5 fustibalus of Ascent {venom, rF- Str+3 Int+3} (Okawaru gifted it to you on level 4 of the Swamp)
 32890 | Swamp:4  | Killed a thorn hunter
 32890 | Swamp:4  | Reached skill level 17 in Stealth
 33035 | Swamp:4  | Got a decaying rune of Zot
 33285 | Spider:1 | Entered Level 1 of the Spider Nest
 33846 | Spider:1 | Received a gift from Okawaru
 33847 | Spider:1 | Got a steaming quarterstaff {god gift}
 33956 | Spider:1 | You fall through a shaft!
 34331 | Spider:2 | Noticed Agnes
 34855 | Spider:1 | Reached XP level 17. HP: 81/88 MP: 8/36
 35074 | Spider:2 | Gained mutation: You are partially covered in large bone plates. (SH +4) [potion of mutation]
 35074 | Spider:2 | Gained mutation: You evolve. [potion of mutation]
 35074 | Spider:2 | Gained mutation: Your body sometimes deteriorates upon taking damage. [potion of mutation]
 35075 | Spider:2 | Gained mutation: Armour fits poorly on your strangely shaped body. [potion of mutation]
 35075 | Spider:2 | Gained mutation: You have sharp fingernails. [potion of mutation]
 35083 | Spider:2 | Reached skill level 10 in Fighting
 35215 | Lair:2   | Identified the +1 quarterstaff of Doom {venom, rPois rC++ SInv Stlth-} (Okawaru gifted it to you on level 1 of the Spider Nest)
 35232 | Lair:2   | Gained mutation: You are resistant to electric shocks. (rElec) [potion of beneficial mutation]
 35233 | Lair:2   | Lost mutation: Your spells are a little easier to cast, but a little less powerful. [potion of beneficial mutation]
 35243 | Lair:2   | Learned a level 4 spell: Petrify
 35624 | Spider:3 | Noticed Jorgrun
 35745 | Spider:1 | Killed Agnes
 35811 | Spider:2 | Received a gift from Okawaru
 35812 | Spider:2 | Got an encrusted cloak {god gift}
 35823 | Spider:2 | Identified the +2 cloak of Nahux {MP+9 Str+7 Int-2} (Okawaru gifted it to you on level 2 of the Spider Nest)
 36222 | Spider:3 | Noticed Bai Suzhen
 36228 | Spider:4 | Entered Level 4 of the Spider Nest
 36235 | Spider:4 | Noticed Nikola
 36488 | Spider:3 | Blown up by an orb spider

Skill      XL: |  1  2  3  4  5  6  7  8  9 10 11 12 13 14 15 16 17 |
---------------+----------------------------------------------------+-----
Fighting       | 1 2 3 4 5 6 7 8 9 10 | 10.0
Spellcasting   | 3 4 5 6 7 8 10 11 12 13 14 | 14.4
Hexes          | 4 5 6 7 8 9 10 11 | 11.0
Short Blades   | 2 3 4 5 6 7 8 9 10 | 10.1
Stealth        | 5 6 7 8 9 11 12 13 14 15 16 17 | 17.7
Dodging        | 4 5 6 7 8 9 11 12 13 14 15 16 | 16.9
Shields        | 2 3 4 5 6 7 |  7.2
Invocations    | 3 5 7 8 9 |  9.2
Conjurations   | 2 5 7 |  7.6
Evocations     | 5 7 8 |  8.4

Action                   |  1- 3 |  4- 6 |  7- 9 | 10-12 | 13-15 | 16-18 || total
-------------------------+-------+-------+-------+-------+-------+-------++-------
Melee: Dagger            |   142 |   153 |   230 |   336 |  1571 |   795 ||  3227
 Cast: Corona            |    10 |     1 |       |       |     1 |       ||    12
       Ensorcelled Hiber |    28 |    36 |    90 |   217 |   474 |   216 ||  1061
       Confuse           |       |    10 |    35 |    28 |   237 |   138 ||   448
       Dazzling Spray    |       |     2 |     3 |    15 |    52 |    56 ||   128
       Repel Missiles    |       |       |       |       |     2 |     2 ||     4
       Iskenderun's Myst |       |       |       |       |     5 |     1 ||     6
       Regeneration      |       |       |       |       |     2 |     2 ||     4
       Passwall          |       |       |       |       |     1 |     6 ||     7
       Petrify           |       |       |       |       |       |     1 ||     1
Invok: Heroism           |       |       |       |       |       |     1 ||     1
       Finesse           |       |       |       |       |       |     1 ||     1
 Abil: Evoke Flight      |       |       |       |       |     4 |     7 ||    11
Evoke: Wand              |       |       |       |       |     1 |     7 ||     8
       Phial of floods   |       |       |       |       |     1 |       ||     1
  Use: Scroll            |       |       |     9 |     4 |    14 |     9 ||    36
       Potion            |       |       |       |     2 |     1 |    18 ||    21
 Stab: Sleeping          |    23 |    30 |    55 |   128 |   251 |   141 ||   628
       Distracted        |     1 |       |     1 |       |    10 |     2 ||    14
       Confused          |       |     4 |    26 |    18 |    99 |    68 ||   215
       Invisible         |       |       |     1 |     5 |    25 |    12 ||    43
  Eat: Royal jelly       |     1 |       |       |     2 |     2 |     3 ||     8
       Pizza             |       |     1 |     1 |     1 |     1 |     1 ||     5
       Bread ration      |       |     1 |       |       |       |     1 ||     2
       Fruit             |       |       |       |       |    10 |       ||    10
Armor: Robe              |    13 |    15 |    12 |    22 |    89 |    38 ||   189
Dodge: Dodged            |   111 |    81 |   135 |   362 |  1345 |  1019 ||  3053
       Deflected         |       |       |       |       |     6 |    10 ||    16
Block: Buckler           |       |       |       |       |   137 |   353 ||   490
